 Dungeon Crawl Stone Soup version 0.18-a0-1788-g92de1ac (webtiles) character file.

81 Murumi the Shield-Bearer (level 4, -1/35 HPs)
             Began as a Formicid Fighter on Apr 20, 2016.
             Slain by Murumi's ghost (11 damage)
             ... on level 3 of the Dungeon.
             The game lasted 00:04:59 (1983 turns).

Murumi the Shield-Bearer (Formicid Fighter)         Turns: 1983, Time: 00:04:59

Health: -1/35      AC:  6    Str: 26    XL:     4   Next: 68%
Magic:  4/4        EV:  8    Int:  8    God:
Gold:   82         SH: 11    Dex: 10    Spells: 0 memorised, 3 levels left

rFire  . . .     SeeInvis +     a - +0 long sword
rCold  + . .     Gourm    .     b - +0 scale mail
rNeg   . . .     Faith    .     c - +1 shield
rPois  .         Spirit   .     (helmet unavailable)
rElec  .         Dismiss  .     (no cloak)
rCorr  .         Reflect  .     (no gloves)
SustAt .         Harm     .     (no boots)
MR     .....                    (no amulet)
Stlth  ..........               (no ring)
                                l - ring of protection from cold

@: mighty, not resistant to hostile enchantments, extremely unstealthy
A: permanent stasis, dig shafts and tunnels, four strong arms, antennae 3
a: Dig, Shaft Self


You were on level 3 of the Dungeon.
You were not hungry.

You visited 1 branch of the dungeon, and saw 3 of its levels.

You collected 82 gold pieces.

Inventory:

Hand Weapons
 a - a +0 long sword (weapon)
Missiles
 j - 27 bolts
Armour
 b - a +0 scale mail (worn)
 c - a +1 shield (worn)
Jewellery
 l - a ring of protection from cold (left hand)
Scrolls
 e - 2 scrolls of fear
Potions
 h - a potion of curing {unknown}
 k - a potion of ambrosia {unknown}
Comestibles
 f - 3 bread rations
 g - a beef jerky


   Skills:
 - Level 3.2 Fighting
 + Level 3.5 Long Blades
 - Level 3.2 Armour
 - Level 5.0 Shields


You had 3 spell levels left.
You didn't know any spells.

Dungeon Overview and Level Annotations

Branches:
Dungeon (3/15)

Altars:
Ashenzari
Sif Muna

Annotations:
D:3 Murumi's ghost, amateur FoFi


Innate Abilities, Weirdness & Mutations

You are under a permanent stasis effect.
You can dig through walls and to a lower floor.
Your four strong arms can wield two-handed weapons with a shield.
You have a pair of large antennae on your head (SInv).


Message History

You barely miss the kobold. You block the kobold's attack.
You barely miss the kobold. The kobold hits you with a dagger.
You slash the rat!
You kill the rat!
The kobold hits you with a dagger. The kobold hits you but does no damage.
Murumi's ghost (amateur Formicid Fighter) comes into view.
You miss the kobold.
Murumi's ghost turns its malevolent gaze towards you.
You block the kobold's attack.
You barely miss the kobold.
Murumi's ghost whispers, "You will understand me better in a moment."
The kobold hits you but does no damage.
You barely miss the kobold. The kobold barely misses you.
Murumi's ghost hits you! You block the kobold's attack.
Murumi's ghost hits you!
* * * LOW HITPOINT WARNING * * *
Drink which item? (? for menu, Esc to quit)
You feel very mighty all of a sudden. Murumi's ghost hits you!
You die...

#.<.<.# #.)...# #.....# ...
#.....# { .. ###.....# # ..
## ..###.####. .# ...
#.#...###.. .##..####
#.#.#.##... ###.#..#
#@######.#.#.#....
#...{..###W#...............
#.<.##....K.....##.##.#...#
#..............#####.##......
###.Y#####...### ..........
...# #....# #..##...... .#..#
#....# #..##...... #.#..#
#.....# ........... . #...
....#.%# .#.........


You could see Murumi's ghost and a kobold.

Vanquished Creatures
  2 adders (D:2)
  An ooze (D:2)
  2 worms (D:2)
  2 dart slugs (D:1)
  A giant gecko (D:1)
  An orc (D:3)
  2 giant cockroaches
  3 hobgoblins
  8 jackals
  5 kobolds
  2 quokkas (D:2)
  A ball python (D:1)
  4 bats
  2 giant newts (D:1)
  4 goblins
  8 rats
48 creatures vanquished.

Notes
Turn   | Place    | Note
--------------------------------------------------------------
     0 | D:1      | Murumi the Formicid Fighter began the quest for the Orb.
     0 | D:1      | Reached XP level 1. HP: 18/18 MP: 1/1
   209 | D:1      | Reached skill level 4 in Shields
   213 | D:1      | Reached XP level 2. HP: 17/24 MP: 2/2
   561 | D:1      | Reached XP level 3. HP: 29/29 MP: 3/3
  1282 | D:2      | Reached XP level 4. HP: 35/35 MP: 4/4
  1373 | D:2      | Found a shattered altar of Ashenzari.
  1491 | D:2      | Reached skill level 5 in Shields
  1847 | D:2      | Found a deep blue altar of Sif Muna.
  1921 | D:3      | Noticed an ice beast
  1975 | D:3      | Noticed Murumi's ghost (amateur FoFi)
  1983 | D:3      | Slain by Murumi's ghost

Vault maps used:
D:1:      mrwooster_arrival_statue_3, st_stairs_14
D:2:      led_sif_pool, ashenzari_altar_1, first_bread

Skill      XL: |  1  2  3  4 |
---------------+-------------+-----
Shields        | 4 5 |  5.0
Long Blades    | 3 |  3.5
Fighting       | |  3.2
Armour         | |  3.2

Action                   |  1- 3 |  4- 6 || total
-------------------------+-------+-------++-------
Melee: Long sword        |   118 |    57 ||   175
  Use: Scroll            |     5 |       ||     5
       Potion            |       |     1 ||     1
  Eat: Chunk             |     1 |     3 ||     4
Armor: Scale mail        |    48 |    13 ||    61
Dodge: Dodged            |    34 |    13 ||    47
Block: Shield            |    63 |    27 ||    90
